 Dungeon Crawl Stone Soup version 0.25.1-2-g60ff931df9 (webtiles) character file.

Game seed: 12987135340869725749

18193 hawla the Carver (level 12, 0/108 HPs)
             Began as a Minotaur Gladiator on Nov 1, 2020.
             Was an Initiate of Gozag.
             Killed from afar by a starcursed mass (5 damage)
             ... with an accursed screaming
             ... on level 2 of the Abyss.
             The game lasted 00:29:54 (11810 turns).

hawla the Carver (Minotaur Gladiator)              Turns: 11810, Time: 00:29:58

Health: 0/108      AC: 12    Str: 24    XL:     12   Next: 25%
Magic:  11/11      EV: 19    Int:  5    God:    Gozag
Gold:   1986       SH:  0    Dex: 14    Spells: 11/11 levels left

rFire    . . .     SeeInvis .   z - +2 scimitar (flame)
rCold    . . .     Gourm    .   (no shield)
rNeg     + . .     Faith    .   s - +1 ring mail {rN+}
rPois    .         Spirit   .   c - +1 hat
rElec    .         Reflect  .   (no cloak)
rCorr    +         Harm     .   w - +2 pair of gloves
MR       .....                  (no boots)
Stlth    ++........             H - amulet of regeneration
HPRegen  0.68/turn              l - ring of resist corrosion
MPRegen  0.12/turn              b - ring of flight

@: gold aura, studying Maces & Flails
A: retaliatory headbutt, horns 2, agile 1
a: Potion Petition, Call Merchant, Bribe Branch, Renounce Religion, Evoke Flight


You were on level 2 of the Abyss.
You worshipped Gozag.
Gozag was most pleased with you.
You were hungry.

You visited 2 branches of the dungeon, and saw 13 of its levels.
You visited the Abyss 1 time.

You collected 2320 gold pieces.
You spent 280 gold pieces at shops.
You paid 54 gold pieces to Gozag.

Inventory:

Hand Weapons
 z - a +2 scimitar of flaming (weapon)
 D - a +2 scimitar of protection
Missiles
 d - 3 throwing nets
 v - 25 poisoned darts
 G - 15 boomerangs (quivered)
Armour
 c - a +1 hat (worn)
 r - a +0 scale mail of magic resistance
 s - a +1 ring mail of positive energy (worn)
 w - a +2 pair of gloves (worn)
 F - a +0 robe of resistance
 K - a +1 chain mail of poison resistance
 L - a +0 leather armour of fire resistance
 M - a +0 robe of positive energy
Jewellery
 b - a ring of flight (right hand)
 h - an uncursed ring of stealth
 l - a ring of resist corrosion (left hand)
 x - a +4 ring of slaying
 C - an uncursed ring of magical power
 H - an amulet of regeneration (around neck)
Wands
 q - a wand of digging (11)
 y - a wand of acid (4)
 E - a wand of flame (15)
Scrolls
 j - 8 scrolls of remove curse
 k - a scroll of fog
 o - a scroll of enchant armour
 I - a scroll of blinking {unknown}
Potions
 e - 2 potions of invisibility
 i - 3 potions of cancellation
 m - 2 potions of might
 n - 3 potions of magic
 p - 2 potions of brilliance
 t - 4 potions of curing
 u - 2 potions of stabbing
 A - 2 potions of haste
 J - a potion of berserk rage
Books
 g - a manual of Maces & Flails
Comestibles
 f - 11 rations


   Skills:
 + Level 10.9 Fighting
 + Level 13.7 Long Blades
 + Level 3.9 Throwing
 + Level 9.0 Armour
 * Level 12.1 Dodging
 - Level 3.0 Stealth
 + Level 1.1 Evocations


You had 11 spell levels left.
You didn't know any spells.
Your spell library was empty.

Dungeon Overview and Level Annotations

Branches:
Dungeon (12/15)            Temple (1/1) D:4            Lair (0/6) D:8
    Orc (0/2) D:11

Altars:
Cheibriados
Fedhas
Gozag
Nemelex Xobeh
Qazlal
Ru
Vehumet
Wu Jian
Yredelemnul
Zin
The Shining One

Shops:
D:7 !   D:12 !

Annotations:
D:3 1 runed translucent door, pokeman's ghost, amateur DEWz
D:5 Prince Ribbit


Innate Abilities, Weirdness & Mutations

You reflexively headbutt those who attack you in melee.
You have a pair of horns on your head.
You are agile. (Dex +2)


Message History

You see here 25 gold pieces.
You hit the starcursed mass. You burn the starcursed mass.
You headbutt the starcursed mass, but do no damage.
The starcursed mass is heavily damaged.
The starcursed mass engulfs you but does no damage.
The starspawn tentacle grabs you. The starspawn tentacle constricts you.
Something loses its grip on you.
You slash the starcursed mass! You burn the starcursed mass.
You destroy the starcursed mass!
A chorus of shrieks assaults your mind.
The starspawn tentacle closely misses you.
It was a potion of mutation.
You feel extremely strange.
You feel resistant to cold.
You no longer feel cold resistant.
You feel agile. The tentacled starspawn bites you!!
* * * LOW HITPOINT WARNING * * *
The tentacled starspawn engulfs you.
* * * LOW HITPOINT WARNING * * *
A chorus of shrieks assaults your mind.
You die...
Your body crumbles into a pile of gold.

#. . ..# #
###.######..# .
#.##...
.#..#####.#
......##........#
### ....─.#X.....
.. . ## #│.#>#.##
. .. .. .
##.##│...X.##. .#
#...
......w#X##.###.#
.#.. #.###.@$#
##.. ... #.....#
... . . #...#.# .
.. # .# ....$.#
#.# # . .
###.#..## . #
.##... . # # #
#..##..# ### .. #
.


You could see 2 starcursed masses, a tentacled starspawn and a starspawn
tentacle.

Vanquished Creatures
  Josephine (D:12)
  Harold (D:8)
  Erica (D:11)
  3 two-headed ogres
  A hydra (D:11)
  4 unseen horrors
  Pikel (D:6)
  Joseph (D:8)
  2 gargoyles
  2 trolls
  3 hippogriffs
  6 wraiths
  3 wyverns
  9 yaks
  Eustachio (D:5)
  A hungry ghost (D:11)
  A large abomination (Abyss:2)
  Menkaure (D:5)
  A vampire mosquito (D:11)
  3 water moccasins
  An acid dragon (D:12)
  3 porcupines (D:8)
  4 orc warriors
  An ice beast (D:6)
  4 sky beasts
  A black bear (D:8)
  An eye of draining (D:10)
  5 starcursed masses (Abyss:2)
  6 ogres
  2 phantoms
  2 crocodiles (D:11)
  A centaur (D:5)
  A big kobold (D:8)
  8 bullfrogs
  Blork the orc (D:4)
  A wyvern zombie (D:7)
  A water moccasin skeleton (D:5)
  3 killer bees (D:6)
  5 wights (D:9)
  2 oklob saplings (D:9)
  4 crimson imps
  2 howler monkeys
  5 bullfrog zombies
  4 orc priests
  A jelly (D:11)
  6 hounds
  A bullfrog skeleton (D:9)
  A centaur skeleton (D:7)
  4 iguanas
  Natasha (twice) (D:2)
  7 worker ants
  10 orc wizards
  Terence (D:2)
  2 hound skeletons
  4 gnolls (D:2)
  16 adders
  A howler monkey skeleton (D:6)
  2 oozes (D:3)
  2 adder zombies
  4 worms
  A dart slug (D:1)
  8 leopard geckos
  22 orcs
  3 bats
  7 giant cockroaches
  3 goblins
  8 hobgoblins
  5 jackals
  6 quokkas
  10 ball pythons
  6 frilled lizards
  A jackal zombie (D:9)
  9 kobolds
  A leopard gecko skeleton (D:7)
  2 quokka skeletons
  8 rats
  A spectral orc (D:9)
279 creatures vanquished.

Vanquished Creatures (others)
  Duvessa (D:6)
  3 slaves (D:6)
  Dowan (D:6)
  3 starspawn tentacles (Abyss:2)
8 creatures vanquished.

Grand Total: 287 creatures vanquished

Notes
Turn   | Place    | Note
-------+----------+-------------------------------------------
     0 | D:1      | hawla the Minotaur Gladiator began the quest for the Orb.
     0 | D:1      | Reached XP level 1. HP: 18/18 MP: 0/0
   128 | D:1      | Reached skill level 4 in Long Blades
   143 | D:1      | Reached XP level 2. HP: 25/25 MP: 1/1
   688 | D:2      | Reached XP level 3. HP: 30/30 MP: 2/2
   743 | D:2      | Noticed Natasha
   748 | D:2      | Killed Natasha
   874 | D:2      | Noticed Natasha
   881 | D:2      | Killed Natasha
   881 | D:2      | Reached XP level 4. HP: 26/37 MP: 3/3
  1021 | D:2      | Reached skill level 5 in Long Blades
  1376 | D:2      | Reached skill level 1 in Armour
  1376 | D:2      | Reached XP level 5. HP: 41/42 MP: 4/4
  1445 | D:2      | Noticed Terence
  1453 | D:2      | Killed Terence
  1453 | D:2      | Reached skill level 5 in Dodging
  2207 | D:3      | Found an opulent altar of Gozag.
  2225 | D:3      | Became a worshipper of Gozag Ym Sagoz the Greedy
  2400 | D:3      | Reached XP level 6. HP: 48/51 MP: 5/5
  2497 | D:3      | Found a runed translucent door.
  2856 | D:3      | Noticed pokeman's ghost (amateur DEWz)
  2927 | D:4      | Noticed Blork the orc
  2942 | D:4      | Killed Blork the orc
  2942 | D:4      | Reached skill level 6 in Long Blades
  3191 | D:4      | Found a staircase to the Ecumenical Temple.
  3204 | Temple   | Entered the Ecumenical Temple
  3864 | D:5      | Entered Level 5 of the Dungeon
  3882 | D:5      | Reached skill level 1 in Stealth
  3882 | D:5      | Reached XP level 7. HP: 57/57 MP: 6/6
  3940 | D:5      | Noticed Menkaure
  3945 | D:5      | Killed Menkaure
  3945 | D:5      | Reached skill level 7 in Long Blades
  4285 | D:5      | Found a sacrificial altar of Ru.
  4516 | D:5      | Noticed Eustachio
  4533 | D:5      | Killed Eustachio
  4533 | D:5      | Reached skill level 8 in Long Blades
  4533 | D:5      | Reached XP level 8. HP: 46/67 MP: 7/7
  4946 | D:5      | Noticed Prince Ribbit
  5701 | D:6      | Noticed Pikel
  5718 | D:6      | Killed Pikel
  5718 | D:6      | Reached skill level 5 in Fighting
  5718 | D:6      | Reached skill level 9 in Long Blades
  5958 | D:6      | Found an opulent altar of Gozag.
  6084 | D:6      | Noticed Dowan
  6085 | D:6      | Noticed Duvessa
  6503 | D:6      | Killed Dowan
  6567 | D:6      | Found a stormy altar of Qazlal.
  6673 | D:6      | Killed Duvessa
  6727 | D:6      | Reached XP level 9. HP: 46/75 MP: 8/8
  7439 | D:7      | Found Rihiene's Distillery.
  7448 | D:7      | Bought 2 potions of curing for 60 gold pieces
  7448 | D:7      | Bought a potion of curing for 30 gold pieces
  7448 | D:7      | Bought a potion of resistance for 100 gold pieces
  7448 | D:7      | Bought a potion of curing for 30 gold pieces
  7448 | D:7      | Bought a potion of lignification for 30 gold pieces
  7448 | D:7      | Bought a potion of curing for 30 gold pieces
  7757 | D:8      | Reached skill level 10 in Long Blades
  7842 | D:8      | Found a blossoming altar of Fedhas.
  7959 | D:8      | Reached skill level 5 in Armour
  8056 | D:8      | Noticed Harold
  8086 | D:8      | Killed Harold
  8086 | D:8      | Reached XP level 10. HP: 44/86 MP: 9/9
  8094 | D:8      | Reached skill level 10 in Dodging
  8164 | D:8      | Noticed a two-headed ogre
  8172 | D:8      | Killed a two-headed ogre
  8172 | D:8      | Reached skill level 11 in Long Blades
  8252 | D:8      | Found an ornate altar of the Wu Jian Council.
  8265 | D:8      | Noticed Joseph
  8284 | D:8      | HP: 4/88 [Joseph/+0 quarterstaff (17)]
  8461 | D:8      | Found a staircase to the Lair.
  8581 | D:8      | Killed Joseph
  8800 | D:8      | Found a snail-covered altar of Cheibriados.
  8800 | D:8      | Found a radiant altar of Vehumet.
  9114 | D:9      | Found a blossoming altar of Fedhas.
  9153 | D:9      | Noticed a two-headed ogre
  9163 | D:9      | Killed a two-headed ogre
  9285 | D:9      | You fall into a shaft and drop 3 floors!
  9286 | D:12     | Noticed a gargoyle
  9294 | D:12     | Killed a gargoyle
  9294 | D:12     | Reached skill level 12 in Long Blades
  9391 | D:12     | Noticed Josephine
  9412 | D:12     | Killed Josephine
  9412 | D:12     | Reached XP level 11. HP: 50/97 MP: 10/10
  9579 | D:12     | Found Iloedeva's Distillery.
  9598 | D:12     | Killed an unseen horror
  9749 | D:11     | Found a staircase to the Orcish Mines.
  9906 | D:11     | Found a sparkling altar of Nemelex Xobeh.
  9908 | D:11     | Noticed a five-headed hydra
  9938 | D:11     | Killed a five-headed hydra
  9999 | D:11     | Killed an unseen horror
  9999 | D:11     | Reached skill level 13 in Long Blades
 10146 | D:11     | Noticed a rakshasa
 10152 | D:11     | Reached skill level 10 in Fighting
 10293 | D:11     | Noticed Erica
 10306 | D:11     | Killed Erica
 10527 | D:11     | Noticed a two-headed ogre
 10533 | D:11     | Killed a two-headed ogre
 10623 | D:10     | Entered Level 10 of the Dungeon
 10747 | D:10     | Killed an unseen horror
 10747 | D:10     | Reached XP level 12. HP: 71/108 MP: 11/11
 11484 | D:9      | Reached skill level 1 in Evocations
 11533 | D:9      | Found a basalt altar of Yredelemnul.
 11686 | D:10     | Noticed a death knight
 11691 | D:10     | Cast into level 2 of the Abyss (death knight)
 11768 | Abyss:2  | Noticed a starcursed mass
 11791 | Abyss:2  | Noticed a tentacled starspawn
 11810 | Abyss:2  | Gained mutation: Your flesh is cold resistant. (rC+)
                  | [potion of mutation]
 11810 | Abyss:2  | Lost mutation: Your flesh is cold resistant. (rC+) [potion
                  | of mutation]
 11810 | Abyss:2  | Gained mutation: You are agile. (Dex +2) [potion of
                  | mutation]
 11810 | Abyss:2  | HP: 5/108 [tentacled starspawn (3)]
 11810 | Abyss:2  | Killed from afar by a starcursed mass

Illustrated notes

Levels and vault maps discovered:
D:1:      wander_arrival_lonely_grave, layout_loops_cross
D:2:      layout_basic, first_ration, uniq_natasha, uniq_terence
D:3:      layout_loops_ring, lemuel_coloured_pillars_altar,
          ebering_ghost_sewer_d
D:4:      layout_gridville, minmay_temple_entry_drinking_statues,
          eino_tiny_chamber, uniq_blork_the_orc
D:5:      mumra_celtic_spiral_tile, layout_basic,
          nicolae_overflow_crystal_walls, minmay_manual_moon, uniq_eustachio,
          uniq_menkaure, uniq_prince_ribbit1
D:6:      layout_rooms, grunt_qazlal_clouds, basic_altar, serial_bayou_pond_d,
          uniq_duvessa, uniq_pikel
D:7:      layout_rooms, serial_shops, shop_fountains
D:8:      layout_cave_pools, gammafunk_temple_overflow_wave, old_standard_altar,
          lemuel_crystal_altar, grunt_lair_entry_orc_guard_hut,
          blue_anna_alchemist [blue_anna_fruit_fields, blue_anna_fruit_fields],
          uniq_harold, uniq_joseph
D:9:      layout_basic, yredelemnul_forgotten_temple_becter,
          introduction_to_nature_1
D:10:     layout_loops_ring, ebering_dispersal_statue_hall
D:11:     hangedman_cross_cluster, layout_loops_corners, orc_0_dummy,
          serial_shops, shop, uniq_erica
D:12:     layout_gridville, basic_altar, serial_shops, shop_coins,
          uniq_josephine
Temple:   nicolae_temple_great_sept
Abyss:2:  base:
D:5

Skill      XL: |  1  2  3  4  5  6  7  8  9 10 11 12 |
---------------+-------------------------------------+-----
Long Blades    | 4 5 6 8 9 10 12 13 | 13.7
Dodging        | 4 5 6 7 9 10 11 12 | 12.1
Armour         | 1 2 3 4 5 6 8 9 |  9.0
Fighting       | 3 4 5 7 9 10 | 10.9
Stealth        | 1 2 3 |  3.0
Throwing       | 3 |  3.9
Evocations     | 1 |  1.1

Action                   |  1- 3 |  4- 6 |  7- 9 | 10-12 || total
-------------------------+-------+-------+-------+-------++-------
Melee: Long sword        |    51 |   108 |   242 |   245 ||   646
       Headbutt          |     9 |    20 |    67 |   100 ||   196
       Scimitar          |       |       |       |   132 ||   132
Throw: Throwing net      |       |     4 |       |       ||     4
       Dart              |       |       |       |    10 ||    10
       Boomerang         |       |       |       |    39 ||    39
 Abil: Evoke Flight      |       |       |       |     3 ||     3
       Stop Flying       |       |       |       |     1 ||     1
Evoke: Wand              |       |       |       |     6 ||     6
  Use: Scroll            |     3 |    10 |     2 |    12 ||    27
       Potion            |       |       |     4 |    10 ||    14
 Stab: Sleeping          |       |     1 |     8 |     2 ||    11
       Distracted        |       |       |       |     2 ||     2
  Eat: Chunk             |       |     5 |       |       ||     5
       Ration            |       |     2 |     3 |     4 ||     9
Armor: Leather armour    |    12 |    22 |    67 |       ||   101
       Scale mail        |       |       |       |   118 ||   118
       Ring mail         |       |       |       |    15 ||    15
       Skin              |       |       |       |    14 ||    14
       Robe              |       |       |       |     8 ||     8
       Chain mail        |       |       |       |     1 ||     1
Dodge: Dodged            |    37 |    73 |   203 |   256 ||   569
       Rpst.: Long sword |     5 |    20 |    58 |    38 ||   121
       Scimitar          |       |       |       |    15 ||    15
